 Seeded DCSS version 0.29-a0-359-g541a27f54d (webtiles) character file.

Game seed: 2364543799250634364 (custom seed)

280 zeratav the Archer (level 6, -6/50 HPs)
             Began as a Tengu Hunter on Apr 27, 2022.
             Killed from afar by a steam dragon (17 damage)
             ... with a ball of steam
             ... on level 4 of the Dungeon.
             The game lasted 00:05:31 (2333 turns).

zeratav the Archer (Tengu Hunter)                   Turns: 2333, Time: 00:05:32

Health: -6/50      AC: 11    Str: 17    XL:     6   Next: 27%
Magic:  7/7        EV: 13    Int: 10    God:
Gold:   222        SH:  0    Dex: 19    Spells: 5/5 levels left

rFire   . . .      SeeInvis .   a - +1 shortbow {bow}
rCold   + . .      Faith    .   (shield currently unavailable)
rNeg    . . .      Spirit   .   x - +2 ring mail {rC+}
rPois   .          Reflect  .   (helmet restricted)
rElec   .          Harm     .   (no cloak)
rCorr   .          Rampage  .   (no gloves)
Will    .....                   (boots unavailable)
Stlth   +.........              h - amulet of Vitality {Regen+ HP+15}
HPRegen 0.96/turn               q - +6 ring of strength
MPRegen 0.10/turn               y - +4 ring of protection

@: flying quickly and evasively, quick
A: beak, talons 3, nimble flight
a: no special abilities


You were on level 4 of the Dungeon.
You visited 1 branch of the dungeon, and saw 4 of its levels.

You collected 222 gold pieces.


Innate Abilities, Weirdness & Mutations

You have a beak for a mouth.
You have claws for feet.
Your magical nature lets you fly swiftly and evasively.


   Skills:
 - Level 2.0 Fighting
 + Level 8.0 Bows
 + Level 1.0 Armour
 - Level 2.1 Dodging
 - Level 1.0 Stealth


You had 5 spell levels left.
You didn't know any spells.
Your spell library was empty.

Inventory:

Hand Weapons
 a - a +1 shortbow (weapon) {bow}
 k - a +1 dagger of venom {short}
   (You took it off a goblin on level 2 of the Dungeon)
 t - a +0 longbow {bow}
   (You found it on level 2 of the Dungeon)
Armour
 b - a +0 leather armour
 x - a +2 ring mail of cold resistance (worn)
   (You found it on level 3 of the Dungeon)
Jewellery
 e - a ring of wizardry
   (You found it on level 1 of the Dungeon)
 h - the amulet of Vitality (around neck) {Regen+ HP+15}
   (You acquired it on level 1 of the Dungeon)

   [amulet of regeneration]

   HP:        It affects your health (+15).
   Regen:     It increases your rate of health regeneration.
 q - a +6 ring of strength (left hand)
   (You took it off a goblin on level 2 of the Dungeon)
 y - a +4 ring of protection (right hand)
   (You found it on level 3 of the Dungeon)
Scrolls
 c - 3 scrolls of immolation {!r!r}
 d - a scroll of amnesia {unknown}
 f - a scroll of holy word {unknown}
 g - 7 scrolls of identify {unknown}
 i - a scroll of vulnerability {unknown}
 j - 2 scrolls of fear {unknown}
 p - 2 scrolls of enchant weapon {unknown}
 s - a scroll of magic mapping {unknown}
Potions
 l - a potion of brilliance {unknown}
 m - a potion of ambrosia {unknown}
 n - a potion of haste {unknown}
 o - 2 potions of curing {unknown}
 r - a potion of invisibility {unknown}
 w - a potion of mutation {unknown}
 z - a potion of magic {unknown}

Dungeon Overview and Level Annotations

Branches:
Dungeon (4/15)
 Temple: D:4-7

Altars:
Wu Jian

######## ####..§...#
#.........#
#######/..§§....
.....).D@....###
.............#
.............###########
...........<..........>#
.........^...###.#######
........###### #.#
####+#### #.# #.# #.#


You could see a steam dragon (catching breath).


Message History

Press: ? - help, Q - select action Shift-Dir - straight line, f/p - steam dragon
Aim: a steam dragon (steam, moderately wounded, 67% to hit)
You shoot an arrow.
The arrow closely misses the steam dragon.
You are engulfed in a cloud of scalding steam.
* * * LOW HITPOINT WARNING * * *
HP[-5]
You take 5 damage, and now have 26/50 hp.
The steam dragon bites you.
* * * LOW HITPOINT WARNING * * *
The steam dragon claws you but does no damage.
A ball python comes into view.
HP[-1]
You take 1 damage, and now have 25/50 hp.
Shoot: a) +1 shortbow {bow}
Press: ? - help, Q - select action Shift-Dir - straight line, f/p - steam dragon
Aim: a steam dragon (moderately wounded, 67% to hit)
You shoot an arrow. The arrow hits the steam dragon.
You are engulfed in a cloud of scalding steam.
* * * LOW HITPOINT WARNING * * *
The steam dragon bites you but does no damage.
The steam dragon claws you but does no damage.
HP[-4]
You take 4 damage, and now have 21/50 hp.
Shoot: a) +1 shortbow {bow}
Press: ? - help, Q - select action Shift-Dir - straight line, f/p - steam dragon
Aim: a steam dragon (steam, moderately wounded, 67% to hit)
You shoot an arrow.
The arrow closely misses the steam dragon.
The steam dragon bites you but does no damage.
The steam dragon claws you but does no damage.
HP[+1] Shoot: a) +1 shortbow {bow}
Press: ? - help, Q - select action Shift-Dir - straight line, f/p - steam dragon
Aim: a steam dragon (moderately wounded, 67% to hit)
You shoot an arrow.
The arrow barely misses the steam dragon.
The arrow hits the ball python.
You kill the ball python!
The steam dragon closely misses you. The steam dragon misses you.
The steam dragon bites you.
* * * LOW HITPOINT WARNING * * *
The steam dragon misses you.
Your Armour skill increases to level 1!
HP[-3]
You take 3 damage, and now have 19/50 hp.
Shoot: a) +1 shortbow {bow}
Press: ? - help, Q - select action Shift-Dir - straight line, f/p - steam dragon
Aim: a steam dragon (moderately wounded, 67% to hit)
You shoot an arrow.
The arrow barely misses the steam dragon.
The steam dragon bites you.
* * * LOW HITPOINT WARNING * * *
The steam dragon claws you but does no damage.
HP[-1]
You take 1 damage, and now have 18/50 hp.
Shoot: a) +1 shortbow {bow}
Press: ? - help, Q - select action Shift-Dir - straight line, f/p - steam dragon
Aim: a steam dragon (moderately wounded, 67% to hit)
You shoot an arrow. The arrow hits the steam dragon.
The steam dragon bites you but does no damage.
The steam dragon closely misses you.
HP[+1] Shoot: a) +1 shortbow {bow}
Press: ? - help, Q - select action Shift-Dir - straight line, f/p - steam dragon
Aim: a steam dragon (heavily wounded, 67% to hit)
You shoot an arrow. The arrow hits the steam dragon!
The steam dragon breathes steam at you. The ball of steam hits you!
* * * LOW HITPOINT WARNING * * *
HP[-10]
You take 10 damage, and now have 9/50 hp.
The steam dragon closely misses you.
The steam dragon claws you but does no damage.
Shoot: a) +1 shortbow {bow}
Press: ? - help, Q - select action Shift-Dir - straight line, f/p - steam dragon
Aim: a steam dragon (severely wounded, catching its breath, 67% to hit)
You shoot an arrow.
The arrow barely misses the steam dragon.
The steam dragon misses you. The steam dragon completely misses you.
HP[+2]
You regained 2 hp, and now have 11/50 hp.
Shoot: a) +1 shortbow {bow}
Press: ? - help, Q - select action Shift-Dir - straight line, f/p - steam dragon
Aim: a steam dragon (severely wounded, catching its breath, 67% to hit)
You shoot an arrow.
The arrow barely misses the steam dragon.
The steam dragon bites you but does no damage.
The steam dragon claws you but does no damage.
HP[+1] Shoot: a) +1 shortbow {bow}
Press: ? - help, Q - select action Shift-Dir - straight line, f/p - steam dragon
Aim: a steam dragon (severely wounded, catching its breath, 67% to hit)
You shoot an arrow. The arrow hits the steam dragon.
The steam dragon bites you.
* * * LOW HITPOINT WARNING * * *
The steam dragon barely misses you. The steam dragon breathes steam at you.
The ball of steam hits you!
You die...

Skill      XL: |  1  2  3  4  5  6 |
---------------+-------------------+-----
Bows           | 5 6 7 8 |  8.0
Armour         | 1 |  1.0
Fighting       | |  2.0
Dodging        | |  2.1
Stealth        | |  1.0

Action                   |  1- 3 |  4- 6 || total
-------------------------+-------+-------++-------
Melee: Dagger            |       |     7 ||     7
       Kick              |       |     2 ||     2
       Shortbow          |       |     2 ||     2
 Fire: Shortbow          |    74 |    99 ||   173
  Use: Scroll            |     1 |       ||     1
Armor: Leather armour    |     2 |    15 ||    17
       Ring mail         |       |    16 ||    16
Dodge: Dodged            |    11 |    76 ||    87

Levels and vault maps discovered:
D:1:      lemuel_arrival_hallway, layout_loops_ring,
          corexii_item_surrounded_by_moat
D:2:      layout_basic, basic_altar, chequers_ecumenical_altar_grove
D:3:      layout_basic
D:4:      layout_basic

Notes
Turn   | Place    | Note
-------+----------+-------------------------------------------
     0 | D:1      | zeratav the Tengu Hunter began the quest for the Orb.
     0 | D:1      | Reached XP level 1. HP: 12/12 MP: 2/2
     0 | D:1      | magus.rc [v1.9.6]
   120 | D:1      | Reached XP level 2. HP: 17/17 MP: 3/3
   143 | D:1      | Reached skill level 5 in Bows
   287 | D:1      | Identified a scroll of acquirement
   287 | D:1      | Acquired the amulet of Vitality {Regen+ HP+15}
   287 | D:1      | Found the amulet of Vitality {Regen+ HP+15}
   396 | D:1      | Reached XP level 3. HP: 21/21 MP: 4/4
   600 | D:1      | You fall into a shaft and drop 1 floor!
  1072 | D:2      | Found an ornate altar of the Wu Jian Council.
  1138 | D:2      | Found a faded altar of an unknown god.
  1283 | D:3      | Reached skill level 6 in Bows
  1286 | D:2      | Reached XP level 4. HP: 26/26 MP: 5/5
  1376 | D:2      | Gained mutation: Your magical nature lets you fly swiftly
                  | and evasively. [Tengu growth]
  1376 | D:2      | Reached XP level 5. HP: 29/30 MP: 6/6
  1402 | D:2      | HP: 11/45 [orc wizard/puff of flame (12)]
  1406 | D:2      | Reached skill level 7 in Bows
  1462 | D:2      | HP: 7/45 [something/puff of flame (9)]
  1715 | D:3      | Reached XP level 6. HP: 35/35 MP: 7/7
  2268 | D:4      | Reached skill level 8 in Bows
  2315 | D:4      | Noticed a steam dragon
  2327 | D:4      | Reached skill level 1 in Armour
  2329 | D:4      | HP: 9/50 [steam dragon/ball of steam (12)]
  2333 | D:4      | Killed from afar by a steam dragon

Vanquished Creatures
  A hound (D:4)
  A jelly (D:3)
  5 orc wizards
  An adder (D:2)
  An ufetubus (D:4)
  A worm (D:2)
  A dart slug (D:1)
  6 orcs
  6 bats
  8 endoplasms
  2 giant cockroaches (D:1)
  8 goblins
  3 hobgoblins
  3 jackals (D:1)
  6 ball pythons
  3 frilled lizards
  6 kobolds
  5 rats
67 creatures vanquished.

Vanquished Creatures (others)
  An orc (D:2)
1 creature vanquished.

Grand Total: 68 creatures vanquished

Table legend:
 A = Non-vault XP
 B = Vault XP
 C = Vault XP percentage of total XP
 D = Non-vault monster count
 E = Vault monster count
 F = Vault count percentage of total count
                 A         B        C        D         E       F
            +---------+---------+-------+---------+---------+-------
      Total |     400 |       0 |   0.0 |      67 |       0 |   0.0
            +---------+---------+-------+---------+---------+-------
        D:1 |      39 |       0 |   0.0 |      23 |       0 |   0.0
        D:2 |     197 |       0 |   0.0 |      25 |       0 |   0.0
        D:3 |     107 |       0 |   0.0 |      14 |       0 |   0.0
        D:4 |      57 |       0 |   0.0 |       5 |       0 |   0.0
            +---------+---------+-------+---------+---------+-------

Illustrated notes

Table legend:
 A = Kills in this place as a percentage of kills in entire the game.
 B = Kills by you in this place as a percentage of kills by you in the entire game.
 C = Kills by friends in this place as a percentage of kills by friends in the entire game.
 D = Other kills in this place as a percentage of other kills in the entire game.
 E = Experience gained in this place as a percentage of experience gained in the entire game.
 F = Experience gained in this place divided by the number of levels of this place that you have seen.
                   A       B       C       D       E      F
               +-------+-------+-------+-------+-------+----------------------
         Total | 100.0 | 100.0 |   N/A |   N/A | 100.0 | 100.0
       Dungeon | 100.0 | 100.0 |   N/A |   N/A | 100.0 | 100.0
               +-------+-------+-------+-------+-------+----------------------

Table legend: (Time is in decaauts)
 A = Elapsed time spent in this place.
 B = Non-inter-level travel time spent in this place.
 C = Inter-level travel time spent in this place.
 D = Time resting spent in this place.
 E = Time spent auto-exploring this place.
 F = Levels seen in this place.
 G = Mean time per level.
                   A        B        C        D        E       F      G
               +--------+--------+--------+--------+--------+-----+--------+
         Total |   2320 |   2220 |    100 |    261 |   1526 |   4 |  580.0 |
       Dungeon |   2320 |   2220 |    100 |    261 |   1526 |   4 |  580.0 |
               +--------+--------+--------+--------+--------+-----+--------+

Top non-repeatable levels by time:
     D:2: 963 daAuts
     D:1: 672 daAuts
     D:3: 576 daAuts
     D:4: 107 daAuts
